[Event "Turkish Club Cup 2019"]
[Site "Konya"]
[Date "2019.07.17"]
[Round "2"]
[White "Incekara, Abuzer"]
[Black "Aydin, Ismail"]
[Result "0-1"]
[ECO "C14"]
[WhiteElo "1509"]
[BlackElo "1896"]
[Annotator "NA"]
[PlyCount "68"]
[EventDate "2019.07.16"]
[EventType "team-tourn"]
[EventCountry "TUR"]
[SourceTitle "playchess.com"]
[Source "ChessBase"]
[SourceQuality "1"]
[TimeControl "5400+30"]

1. e4 e6 2. d4 d5 3. Nc3 Nf6 4. Bg5 Be7 5. e5 Nfd7 6. Bxe7 Qxe7 7. f4 O-O 8. Nf3 a6 9. Bd3 f5 10. Qd2 c5 11. dxc5 Nxc5 12. O-O-O Nc6 13. Ne2 Bd7 14. Kb1 Rac8 15. h3 Ne4 16. Bxe4 (16. Qe3 $14) 16... fxe4 $11 17. Nfd4 Qc5 18. c3 b5 19. g4 b4 20. Nxc6 bxc3 21. Qxc3 Qxc3 22. Nxc3 Bxc6 23. Ne2 Bb5 24. Nd4 Rxf4 25. Nxe6 Rf2 26. Nd4 Bd3+ 27. Ka1 Rc4 28. Nb3 Kf7 29. Nc1 Rxc1+ 30. Rxc1 Ke6 31. Rc7 e3 32. Rcc1 Kxe5 33. b3 d4 34. a4 Bc2 0-1

[Event "Turkish Club Cup 2019"]
[Site "Konya"]
[Date "2019.07.17"]
[Round "2"]
[White "Yilmaz, Seyma"]
[Black "Simsek, Meltem"]
[Result "0-1"]
[ECO "A46"]
[WhiteElo "1500"]
[BlackElo "1684"]
[Annotator "NA"]
[PlyCount "84"]
[EventDate "2019.07.16"]
[EventType "team-tourn"]
[EventCountry "TUR"]
[SourceTitle "playchess.com"]
[Source "ChessBase"]
[SourceQuality "1"]
[TimeControl "5400+30"]

1. d4 Nf6 2. Nf3 c5 3. e3 Qc7 4. Bd3 e6 5. b3 b6 6. Bb2 Bb7 7. Nbd2 d6 8. c4 Nbd7 9. O-O Be7 10. Rc1 Rc8 11. Qe2 Qb8 12. e4 cxd4 13. Nxd4 Nc5 14. Bb1 Qa8 15. Rfe1 O-O 16. f4 Rfe8 17. e5 dxe5 18. fxe5 Nfd7 19. Qh5 g6 20. Qg4 Bf8 21. Nb5 Red8 22. Nd6 Nxe5 23. Rxe5 Rxd6 24. Rg5 Rxd2 25. Bxg6 Rxg2+ 26. Qxg2 Bxg2 27. Bh5+ Bg7 28. Rxg7+ Kf8 29. Rxf7+ Kg8 30. Rg7+ Kf8 31. Rxg2 Qe4 32. Rf1+ Ke7 33. Rf7+ Kd6 34. Rd2+ Nd3 35. Ba3+ Rc5 36. Bxc5+ bxc5 37. Rff2 Kc7 38. Rfe2 Qd4+ 39. Kh1 Qa1+ 40. Kg2 Nf4+ 41. Kf3 Nxh5 42. Rxe6 Qc3+ 0-1

[Event "Turkish Club Cup 2019"]
[Site "Konya"]
[Date "2019.07.17"]
[Round "2"]
[White "Kaynar, Mustafa Deniz"]
[Black "Kazik, Oguz Kagan"]
[Result "1-0"]
[ECO "B22"]
[WhiteElo "1483"]
[BlackElo "1706"]
[Annotator "NA"]
[PlyCount "102"]
[EventDate "2019.07.16"]
[EventType "team-tourn"]
[EventCountry "TUR"]
[SourceTitle "playchess.com"]
[Source "ChessBase"]
[SourceQuality "1"]
[TimeControl "5400+30"]

1. e4 c5 2. c3 Nf6 3. e5 Nd5 4. d4 cxd4 5. Qxd4 Nb6 6. Nf3 Nc6 7. Qe4 g6 8. Be3 Bg7 9. Nbd2 O-O 10. O-O-O d5 11. exd6 exd6 12. Qh4 Qc7 13. Bd3 Ne5 14. Bc2 Nd5 15. Nxe5 dxe5 16. Qc4 Qxc4 17. Nxc4 Nxe3 18. Nxe3 Be6 19. Nd5 Rad8 20. Bb3 Rd7 21. Ne3 Bh6 22. Bxe6 Rxd1+ 23. Kxd1 fxe6 24. Ke2 Rd8 25. Rd1 Rxd1 26. Kxd1 b5 27. Kc2 Kf7 28. Kb3 Bf8 29. a4 bxa4+ 30. Kxa4 Bc5 31. b4 Bb6 32. Kb5 Ke7 33. c4 Bd4 34. Kc6 h5 35. c5 g5 36. Kb7 Kd8 37. Kxa7 Kc7 38. Ka6 Kc6 39. Nc4 Bxf2 40. Nxe5+ Kd5 41. c6 Kd6 42. Kb7 Kxe5 43. c7 Ke4 44. c8=Q e5 45. Qc2+ Ke3 46. Qc3+ Ke2 47. Qxe5+ Kf1 48. Qxg5 h4 49. Qg4 Kg1 50. g3 hxg3 51. Qxg3+ Bxg3 1-0

[Event "Turkish Club Cup 2019"]
[Site "Konya"]
[Date "2019.07.17"]
[Round "2"]
[White "Sancar, Alperen"]
[Black "Kara, Ali Barkin"]
[Result "0-1"]
[ECO "A47"]
[WhiteElo "1479"]
[BlackElo "1749"]
[Annotator "NA"]
[PlyCount "102"]
[EventDate "2019.07.16"]
[EventType "team-tourn"]
[EventCountry "TUR"]
[SourceTitle "playchess.com"]
[Source "ChessBase"]
[SourceQuality "1"]
[TimeControl "5400+30"]

1. d4 Nf6 2. Bf4 b6 3. e3 Bb7 4. Nf3 Nh5 5. Bg3 Nxg3 6. hxg3 e6 7. Nbd2 Be7 8. Bd3 h6 9. c3 d5 10. Ne5 a6 11. Qh5 O-O 12. O-O-O Nd7 13. Ndf3 Nf6 14. Qh3 c5 15. Ng5 Ne4 16. Bxe4 dxe4 17. Nxe6 Qd6 18. Nxf8 Rxf8 19. Qd7 cxd4 20. Qxd6 Bxd6 21. cxd4 Re8 22. Ng4 f5 23. Nh2 Bd5 24. Kb1 b5 25. Nf1 a5 26. Nd2 a4 27. Rc1 Kf7 28. Rc2 Ke7 29. b3 axb3 30. Nxb3 Bc4 31. Nc5 Bxc5 32. dxc5 Bd3 33. Rhc1 Kd7 34. Kb2 Bxc2 35. Rxc2 Kc6 36. Rd2 Re7 37. Rc2 Re5 38. a3 Rd5 39. Kb3 Rd1 40. Kb4 Rb1+ 41. Kc3 Kxc5 42. Kd2+ Kd6 43. Ke2 Rb3 44. Ra2 Rd3 45. Rd2 Rd5 46. Rxd5+ Kxd5 47. Kd2 Kc4 48. Kc2 h5 49. f3 g5 50. f4 g4 51. Kd2 Kb3 0-1

[Event "Turkish Club Cup 2019"]
[Site "Konya"]
[Date "2019.07.17"]
[Round "2"]
[White "Ince, Eray"]
[Black "Arslan, Hasan Bahadir"]
[Result "1-0"]
[ECO "A30"]
[WhiteElo "1459"]
[BlackElo "1377"]
[Annotator "NA"]
[PlyCount "71"]
[EventDate "2019.07.16"]
[EventType "team-tourn"]
[EventCountry "TUR"]
[SourceTitle "playchess.com"]
[Source "ChessBase"]
[SourceQuality "1"]
[TimeControl "5400+30"]

1. Nf3 Nf6 2. e3 b6 3. b3 Bb7 4. Bb2 e6 5. Be2 Be7 6. O-O O-O 7. d4 c5 8. c4 d6 9. Nc3 a6 10. Rc1 Nbd7 11. Rc2 Qc7 12. Rd2 Rfd8 13. Qa1 Nf8 14. Rfd1 Ng6 15. d5 e5 16. Bd3 Bc8 17. Bxg6 hxg6 18. h3 Bf5 19. Ng5 Nh7 20. Nxh7 Kxh7 21. e4 Bd7 22. f4 Bf6 23. Ne2 Re8 24. Rf1 Kg8 25. Ng3 Qd8 26. Rdf2 Bh4 27. Rf3 exf4 28. Bxg7 f6 29. Rxf4 Kxg7 30. Rxh4 Rf8 31. Qc1 g5 32. Rh5 Kg6 33. Qc2 Rh8 34. e5+ Kg7 35. exf6+ Kf7 36. Rh7+ 1-0

[Event "Turkish Club Cup 2019"]
[Site "Konya"]
[Date "2019.07.17"]
[Round "2"]
[White "Eraslan, Ecem"]
[Black "Sural, Ceren"]
[Result "1-0"]
[ECO "B01"]
[WhiteElo "1397"]
[BlackElo "1622"]
[Annotator "NA"]
[PlyCount "99"]
[EventDate "2019.07.16"]
[EventType "team-tourn"]
[EventCountry "TUR"]
[SourceTitle "playchess.com"]
[Source "ChessBase"]
[SourceQuality "1"]
[TimeControl "5400+30"]

1. e4 d5 2. exd5 Qxd5 3. d4 c6 4. Nf3 Bg4 5. Be2 Nf6 6. O-O e6 7. c4 Qd8 8. Nc3 Bd6 9. h3 Bh5 10. Ne5 Bg6 11. Bf4 O-O 12. Nxg6 hxg6 13. Qd2 Bb4 14. Bf3 Nbd7 15. a3 Ba5 16. b4 Bb6 17. Rfe1 Re8 18. d5 cxd5 19. cxd5 e5 20. Bg5 Bd4 21. Rac1 a6 22. Ne4 Nb6 23. Nc5 Rb8 24. d6 Qxd6 25. Nxb7 Qf8 26. Nc5 Red8 27. Nxa6 Rbc8 28. Rxc8 Rxc8 29. Rc1 Nc4 30. Qd3 Nb2 31. Rxc8 Bxf2+ 32. Kf1 Qxc8 33. Qd2 Qxa6+ 34. Kxf2 Qxa3 35. Qd8+ Kh7 36. Bxf6 gxf6 37. Qxf6 Qa2 38. Kg1 Nd3 39. b5 Qa1+ 40. Kh2 Qa7 41. b6 Qb8 42. Qxf7+ Kh6 43. Be4 Nf4 44. b7 Qd8 45. Qc4 Nxh3 46. gxh3 Qd2+ 47. Bg2 Qd6 48. Qc6 Qd2 49. b8=Q Qf4+ 50. Kh1 1-0

[Event "Turkish Club Cup 2019"]
[Site "Konya"]
[Date "2019.07.17"]
[Round "2"]
[White "Baycu, Arda"]
[Black "Kiziltas, Inanc Vefa"]
[Result "1/2-1/2"]
[ECO "B11"]
[WhiteElo "1394"]
[BlackElo "1858"]
[Annotator "NA"]
[PlyCount "82"]
[EventDate "2019.07.16"]
[EventType "team-tourn"]
[EventCountry "TUR"]
[SourceTitle "playchess.com"]
[Source "ChessBase"]
[SourceQuality "1"]
[TimeControl "5400+30"]

1. e4 c6 2. Nc3 d5 3. Nf3 d4 4. Ne2 c5 5. c3 Bg4 (5... Nc6 6. cxd4 cxd4 7. Qa4 b5 8. Qxb5 Bd7 9. Ne5 Qc7 10. Nxd7 Qxd7 11. Nf4 e6 12. Qa4 Bd6 13. Nh5 {½-½ (39) Pavlovic,M (2482)-Foisor,S (2317) Princeton 2012}) 6. Ne5 {[%emt 0:01:30] B11: Caro-Kann: Two Knights Variation} Bxe2 7. Qxe2 $146 ({Predecessor:} 7. Qb3 c4 8. Qb5+ Nd7 9. Bxe2 d3 10. Bd1 Ngf6 11. Nxd7 Nxd7 12. Qxc4 Nb6 13. Qb5+ {1-0 (30) Pitzanti,M (2175)-Vaino,N (1781) Khanty-Mansiysk 2016}) 7... a6 8. Qc4 e6 9. Qa4+ Nd7 10. Qxd7+ Qxd7 11. Nxd7 Kxd7 12. cxd4 cxd4 13. Bc4 Rc8 14. d3 Bb4+ 15. Ke2 Nf6 16. a3 Be7 17. f3 Ne8 18. Bd2 g5 19. Rac1 Nd6 20. g3 f5 21. Ba2 h5 22. Rxc8 Rxc8 23. Rc1 Rxc1 24. Bxc1 h4 25. gxh4 gxh4 26. h3 e5 27. Bd5 f4 28. Bd2 b6 $11 29. Bb4 Nc8 30. Bb7 Bxb4 31. Bxc8+ Kxc8 32. axb4 Kc7 33. Kd2 a5 34. Kc2 a4 35. b3 a3 36. Kb1 Kd6 37. Ka2 Kc6 38. b5+ Kxb5 39. Kxa3 Ka5 40. b4+ Ka6 41. Ka2 b5 1/2-1/2

[Event "Turkish Club Cup 2019"]
[Site "Konya"]
[Date "2019.07.17"]
[Round "2"]
[White "Yalcin, Nehir"]
[Black "Kucuk, Aybike"]
[Result "0-1"]
[ECO "B92"]
[WhiteElo "1392"]
[BlackElo "1266"]
[Annotator "NA"]
[PlyCount "70"]
[EventDate "2019.07.16"]
[EventType "team-tourn"]
[EventCountry "TUR"]
[SourceTitle "playchess.com"]
[Source "ChessBase"]
[SourceQuality "1"]
[TimeControl "5400+30"]

1. e4 c5 2. Nf3 d6 3. d4 cxd4 4. Nxd4 Nf6 5. f3 e5 6. Nb3 Be6 7. Be3 Be7 8. Be2 Nbd7 9. O-O O-O 10. Nc3 a6 11. Qd2 Nc5 12. Rfd1 Rc8 13. Bf1 Qc7 14. Qf2 Rfd8 15. Rd2 d5 16. exd5 Nxb3 17. axb3 Nxd5 18. Nxd5 Rxd5 19. Bd3 Bc5 20. Kh1 Bxe3 21. Qxe3 Rcd8 22. Re2 Qc5 23. Qg5 e4 24. Qg3 exd3 25. cxd3 Rxd3 26. Ree1 Qd6 27. Qf2 Rd1 28. Qf1 Bxb3 29. Qe2 Rxa1 30. Rxa1 Qd1+ 31. Rxd1 Rxd1+ 32. Qxd1 Bxd1 33. Kg1 Bxf3 34. gxf3 Kf8 35. Kf2 Ke7 0-1

[Event "Turkish Club Cup 2019"]
[Site "Konya"]
[Date "2019.07.17"]
[Round "2"]
[White "Unal, Beren"]
[Black "Asan, Elvan"]
[Result "0-1"]
[ECO "B07"]
[WhiteElo "1391"]
[BlackElo "1760"]
[Annotator "NA"]
[PlyCount "127"]
[EventDate "2019.07.16"]
[EventType "team-tourn"]
[EventCountry "TUR"]
[SourceTitle "playchess.com"]
[Source "ChessBase"]
[SourceQuality "1"]
[TimeControl "5400+30"]

1. e4 d6 2. d4 g6 3. Nc3 Bg7 4. Be3 Nf6 5. f3 Nbd7 6. Qd2 e5 7. Nge2 O-O 8. g4 Nb6 9. Ng3 Nfd7 10. O-O-O exd4 11. Bxd4 Ne5 12. Be2 Nbc4 13. Bxc4 Nxc4 14. Qe2 Bxd4 15. Rxd4 Qg5+ 16. Kb1 Nb6 17. Rdd1 Be6 18. h4 Qf4 19. Nf1 a5 20. Ne3 a4 21. a3 Ra5 22. h5 Rc5 23. hxg6 fxg6 24. Ned5 Bxd5 25. exd5 Qxf3 26. Qh2 Rf7 27. Rde1 h5 28. gxh5 gxh5 29. Re8+ Kh7 30. Ree1 Nc4 31. Ref1 Qxf1+ 32. Rxf1 Rxf1+ 33. Ka2 Rf5 34. Qe2 Ne5 35. Qe4 Kg6 36. Qxa4 Rc4 37. Qe8+ Kg5 38. Qe7+ Kg4 39. Qg7+ Rg5 40. Qf6 h4 41. Qf2 Rf4 42. Qg2+ Kh5 43. Qe2+ Rgg4 44. Nd1 Re4 45. Qb5 Rgf4 46. Nc3 Re3 47. Qxb7 Rc4 48. Qc8 h3 49. Qh8+ Kg4 50. Qg7+ Kf3 51. Qh6 Rcxc3 52. Qxh3+ Ke4 53. Qh1+ Kd4 54. bxc3+ Rxc3 55. Qd1+ Kc5 56. Kb2 Rf3 57. Qg1+ Kxd5 58. Qg8+ Kc5 59. Qg1+ Kb5 60. Qb1 Nc4+ 61. Kc1+ Kc6 62. c3 Rf1+ 63. Kc2 Nxa3+ 64. Kb2 0-1

[Event "Turkish Club Cup 2019"]
[Site "Konya"]
[Date "2019.07.17"]
[Round "2"]
[White "Yalcin, Sudenaz"]
[Black "Kurnaz, Azra"]
[Result "1-0"]
[ECO "C56"]
[WhiteElo "1371"]
[BlackElo "1268"]
[Annotator "NA"]
[PlyCount "138"]
[EventDate "2019.07.16"]
[EventType "team-tourn"]
[EventCountry "TUR"]
[SourceTitle "playchess.com"]
[Source "ChessBase"]
[SourceQuality "1"]
[TimeControl "5400+30"]

1. e4 e5 2. Nf3 Nc6 3. d4 exd4 4. Bc4 Nf6 5. Ng5 d5 6. exd5 Nxd5 7. O-O Nce7 8. Qxd4 h6 9. Nf3 Be6 10. Re1 Qd6 11. Nbd2 Nb4 12. Qc3 Nbd5 13. Qb3 O-O-O 14. Ne4 Qb6 15. Bd2 Ng6 16. c3 Ngf4 17. Nd4 Qxb3 18. axb3 g5 19. Nxe6 Nxe6 20. Rxa7 c6 21. b4 Bg7 22. b5 cxb5 23. Bxb5 Nec7 24. Be2 Rhe8 25. Nc5 f5 26. Bf3 Rxe1+ 27. Bxe1 g4 28. Be2 Re8 29. Kf1 Nf4 30. Bc4 Nxg2 31. Bd2 Nh4 32. Bf4 Be5 33. Bg3 Bxg3 34. hxg3 Nf3 35. Be2 Re5 36. Nd3 Nd2+ 37. Ke1 Nf3+ 38. Kd1 Re7 39. Ra5 Ng1 40. Bf1 Rf7 41. Nf4 Rd7+ 42. Kc2 Nf3 43. Nd3 Rf7 44. Be2 Re7 45. Bxf3 gxf3 46. Rxf5 Re2+ 47. Kb3 Rd2 48. Rxf3 Ne6 49. Kc4 Ng5 50. Rf6 Ne4 51. Rxh6 Nxf2 52. Nxf2 Rxf2 53. b4 Rf3 54. Rg6 Kc7 55. g4 Rg3 56. g5 Rg4+ 57. Kc5 b6+ 58. Kb5 Rg3 59. c4 Rg4 60. Rg7+ Kd8 61. g6 Ke8 62. Rg8+ Ke7 63. Rg7+ Kf8 64. Rf7+ Ke8 65. Rf6 Rg5+ 66. Kxb6 Ke7 67. Rc6 Kf8 68. c5 Kg7 69. b5 Rxg6 1-0

[Event "Turkish Club Cup 2019"]
[Site "Konya"]
[Date "2019.07.17"]
[Round "2"]
[White "Barutcu, Sevil"]
[Black "Kocyigit, Buse Naz"]
[Result "0-1"]
[ECO "B51"]
[WhiteElo "1348"]
[BlackElo "2045"]
[Annotator "NA"]
[PlyCount "138"]
[EventDate "2019.07.16"]
[EventType "team-tourn"]
[EventCountry "TUR"]
[SourceTitle "playchess.com"]
[Source "ChessBase"]
[SourceQuality "1"]
[TimeControl "5400+30"]

1. e4 c5 2. Nf3 d6 3. Bb5+ Nd7 4. O-O a6 5. Bxd7+ Bxd7 6. c3 Nf6 {B51: Sicilian: Moscow Variation (3 Bb5+) without 3...Bd7} (6... e6 7. d4 Ne7 8. Nbd2 Ng6 9. d5 Be7 10. Re1 O-O 11. Nf1 e5 12. Ng3 Nh4 13. Nxh4 Bxh4 14. Nf5 {½-½ (31) Ma,Q (2559)-Yu,Y (2675) Xinghua 2013}) 7. Re1 e6 8. d4 cxd4 9. cxd4 Be7 10. Nc3 O-O 11. h3 Ne8 $146 ({Predecessor:} 11... b5 12. a3 Rc8 13. e5 Nd5 14. Nxd5 exd5 {0-1 (55) Geisshirt,M (2021)-Mager,D (2259) Erfurt 2015}) 12. Qb3 Rb8 13. Bf4 b5 14. Ne2 Qb6 15. Rac1 Nc7 16. Rc2 Rfc8 17. Rec1 a5 18. Qe3 Na8 19. Nh2 Qb7 20. b3 Rxc2 21. Rxc2 Rc8 22. Rxc8+ Qxc8 23. Qd2 b4 24. Nf1 Qb7 25. Neg3 Nc7 26. Qc2 Nb5 27. Ne2 Na3 28. Qd3 Bb5 29. Qf3 Nb1 30. Nfg3 Qc7 31. Qe3 e5 32. dxe5 dxe5 33. Qc1 Nc3 34. Bd2 Nxe2+ 35. Nxe2 Qxc1+ 36. Nxc1 Bc5 37. g3 f6 38. Kg2 Bd4 39. g4 Kf7 40. Kf3 Ke6 41. Be3 Kd6 42. Ne2 Bxe3 43. fxe3 Bd3 44. Nc1 Bb1 45. h4 g5 46. h5 h6 47. Ke2 Bxe4 48. Nd3 Kd5 49. Nc1 Bb1 50. Kf3 e4+ 51. Kf2 Ke5 52. Kg2 f5 53. gxf5 Kxf5 54. Kg3 Bd3 55. Kh3 Ke5 56. Kg3 Kf5 57. Kh3 Bf1+ 58. Kg3 g4 59. Kh4 $19 Bd3 60. Kg3 Kg5 61. Kg2 Kxh5 62. Kg3 Kg5 63. Kg2 h5 64. Kg3 h4+ 65. Kg2 g3 66. Kg1 Kg4 67. Kg2 h3+ 68. Kg1 Kf3 69. Kh1 Bf1 0-1

[Event "Turkish Club Cup 2019"]
[Site "Konya"]
[Date "2019.07.17"]
[Round "2"]
[White "Bugdayci, Yuksel"]
[Black "Alabas, Anil"]
[Result "1/2-1/2"]
[ECO "D35"]
[WhiteElo "1325"]
[BlackElo "1430"]
[Annotator "NA"]
[PlyCount "78"]
[EventDate "2019.07.16"]
[EventType "team-tourn"]
[EventCountry "TUR"]
[SourceTitle "playchess.com"]
[Source "ChessBase"]
[SourceQuality "1"]
[TimeControl "5400+30"]

1. e3 e6 2. c4 d5 3. cxd5 exd5 4. d4 Bd6 5. Nc3 Nf6 6. Nf3 c6 7. Bd3 Bg4 8. h3 Bh5 9. Be2 O-O 10. O-O Nbd7 11. Nd2 Bg6 12. f4 h6 13. Nf3 Ne4 14. Nxe4 Bxe4 15. Bd3 Nf6 16. Qc2 Bxd3 17. Qxd3 Ne4 18. Nd2 f5 19. Nxe4 fxe4 20. Qe2 Qb6 21. b3 c5 22. Bb2 cxd4 23. Bxd4 Bc5 24. Bxc5 Qxc5 25. Rac1 Qb6 26. Rfd1 Rad8 27. Kh1 Rf7 28. g3 Rfd7 29. Rd4 Qe6 30. Kh2 a6 31. Rc3 Qb6 32. Kg2 Kh7 33. Qc2 Rd6 34. Qd2 R8d7 35. Kf2 Qa5 36. Rc2 Qxd2+ 37. Rcxd2 Kg6 38. g4 Kf6 39. Ke2 Ke6 1/2-1/2

[Event "Turkish Club Cup 2019"]
[Site "Konya"]
[Date "2019.07.17"]
[Round "2"]
[White "Sen, Nehir"]
[Black "Yignak, Havva Deniz"]
[Result "1/2-1/2"]
[ECO "D00"]
[WhiteElo "1307"]
[BlackElo "1219"]
[Annotator "NA"]
[PlyCount "95"]
[EventDate "2019.07.16"]
[EventType "team-tourn"]
[EventCountry "TUR"]
[SourceTitle "playchess.com"]
[Source "ChessBase"]
[SourceQuality "1"]
[TimeControl "5400+30"]

1. d4 d5 2. Bf4 e6 3. e3 a6 4. a4 Nf6 5. c3 c5 6. Nd2 Nbd7 7. Ngf3 Be7 8. Bd3 O-O 9. h3 c4 10. Be2 Qb6 11. Qc2 Bd6 12. Bxd6 Qxd6 13. O-O Rb8 14. e4 Qe7 15. Rfe1 b5 16. axb5 axb5 17. exd5 Nxd5 18. Bf1 Bb7 19. Ne4 Rfc8 20. Ng3 g6 21. Qd2 b4 22. Ne2 bxc3 23. bxc3 N7f6 24. Nf4 Qd6 25. Ne5 Ba6 26. Reb1 Rxb1 27. Rxb1 Ne4 28. Qc1 Ndxc3 29. Rb2 Qxd4 30. Nf3 Qf6 31. Ne2 Nd5 32. Ng3 Nxg3 33. fxg3 Rc6 34. Ra2 Nb4 35. Rb2 Rb6 36. Rf2 Nd3 37. Bxd3 cxd3 38. Qe3 Rb1+ 39. Kh2 Qa1 40. g4 Rb2 41. Qd4 Rb1 42. Qf4 Rf1 43. Rxf1 Qxf1 44. Qb8+ Kg7 45. Qe5+ Kg8 46. Qb8+ Kg7 47. Qe5+ Kg8 48. Qb8+ 1/2-1/2

[Event "Turkish Club Cup 2019"]
[Site "Konya"]
[Date "2019.07.17"]
[Round "2"]
[White "Cingoz, Isil"]
[Black "Haktanirlar, Zeren"]
[Result "1-0"]
[ECO "B12"]
[WhiteElo "1123"]
[BlackElo "1294"]
[Annotator "NA"]
[PlyCount "105"]
[EventDate "2019.07.16"]
[EventType "team-tourn"]
[EventCountry "TUR"]
[SourceTitle "playchess.com"]
[Source "ChessBase"]
[SourceQuality "1"]
[TimeControl "5400+30"]

1. e4 c6 2. d4 d5 3. e5 h5 4. h3 Bf5 5. c4 e6 6. Nc3 Ne7 7. b3 Bg6 8. Ba3 Qa5 9. Qc1 Na6 10. cxd5 Nxd5 11. Bxf8 Nxc3 12. Bxa6 Nd5+ 13. Qd2 Qxa6 14. Bxg7 Rh7 15. Bf6 Qb6 16. Nf3 Nb4 17. O-O Nd5 18. Ng5 Nxf6 19. exf6 Rh8 20. Rfe1 O-O-O 21. Nf3 Kb8 22. Rad1 Rd6 23. Qf4 Qc7 24. Ne5 Rg8 25. b4 Rgd8 26. Nxg6 fxg6 27. Re4 Qf7 28. g4 hxg4 29. hxg4 e5 30. Rxe5 Qxf6 31. Qe3 Kc8 32. g5 Qf7 33. a3 Qd7 34. Re4 Rd5 35. f3 Qf5 36. Rg4 Rf8 37. Kg2 Rfd8 38. Rh1 Qd7 39. Rhh4 a6 40. Re4 Qf5 41. Rhg4 R5d7 42. Ref4 Qc2+ 43. Kg3 Rh8 44. Rh4 Rdh7 45. Qe6+ Kb8 46. Rxh7 Rxh7 47. Qg8+ Ka7 48. Qxh7 Qc1 49. Qh2 Qxa3 50. d5 c5 51. Qf2 b6 52. d6 Qd3 53. bxc5 1-0

[Event "Turkish Club Cup 2019"]
[Site "Konya"]
[Date "2019.07.17"]
[Round "3"]
[White "Can, Isik"]
[Black "Metin, Enis"]
[Result "1/2-1/2"]
[ECO "B78"]
[WhiteElo "2374"]
[BlackElo "1538"]
[Annotator "NA"]
[PlyCount "54"]
[EventDate "2019.07.16"]
[EventType "team-tourn"]
[EventCountry "TUR"]
[SourceTitle "playchess.com"]
[Source "ChessBase"]
[SourceQuality "1"]
[TimeControl "5400+30"]

1. e4 c5 2. Nf3 d6 3. d4 cxd4 4. Nxd4 Nf6 5. Nc3 g6 6. Be3 Bg7 7. f3 Nc6 8. Bc4 Bd7 9. Bb3 O-O 10. Qd2 Rc8 11. O-O-O Ne5 12. Bh6 Nc4 13. Bxc4 Rxc4 14. Bxg7 Kxg7 15. g4 Qa5 16. h4 Rfc8 17. Nb3 Qa6 18. Kb1 Kg8 19. h5 Rxc3 20. bxc3 Bxg4 21. fxg4 Nxe4 22. Qd3 Nxc3+ 23. Kc1 Qa3+ 24. Kd2 Qb4 25. Kc1 Qa3+ 26. Kd2 Qb4 27. Kc1 Qa3+ 1/2-1/2

[Event "Turkish Club Cup 2019"]
[Site "Konya"]
[Date "2019.07.17"]
[Round "3"]
[White "Kinsiz, Onur"]
[Black "Dogan, Ali Ekber"]
[Result "0-1"]
[ECO "C03"]
[WhiteElo "2210"]
[BlackElo "2200"]
[Annotator "NA"]
[PlyCount "83"]
[EventDate "2019.07.16"]
[EventType "team-tourn"]
[EventCountry "TUR"]
[SourceTitle "playchess.com"]
[Source "ChessBase"]
[SourceQuality "1"]
[TimeControl "5400+30"]

1. e4 e6 2. d4 d5 3. Nd2 Be7 4. Ngf3 Nf6 5. Bd3 c5 6. exd5 exd5 7. dxc5 Bxc5 8. O-O O-O 9. Nb3 Bb6 10. h3 Ne4 11. Nfd4 Nc6 12. Nxc6 bxc6 13. Bxe4 dxe4 14. Qxd8 Rxd8 15. Be3 Ba6 16. Rfd1 Rd5 17. Rxd5 cxd5 18. Bxb6 axb6 19. a4 Bb7 20. Nd4 Kf8 21. Ra3 Ke7 22. Kf1 Kd7 23. c3 Ba6+ 24. Ke1 Bc4 25. g3 g6 26. Kd2 Kd6 27. b4 f5 28. h4 Ke5 29. Ke3 h6 30. a5 bxa5 31. Rxa5 Rxa5 32. bxa5 g5 33. f4+ exf3 34. Nxf3+ Kf6 35. Kd4 f4 36. hxg5+ hxg5 37. gxf4 gxf4 38. Ne5 Be2 39. Nd3 f3 40. Ke3 Bf1 41. a6 d4+ 42. cxd4 0-1

[Event "Turkish Club Cup 2019"]
[Site "Konya"]
[Date "2019.07.17"]
[Round "3"]
[White "Ersahin, Bulent"]
[Black "Aslan, Onat Ugur"]
[Result "1-0"]
[ECO "D02"]
[WhiteElo "2179"]
[BlackElo "1747"]
[Annotator "NA"]
[PlyCount "83"]
[EventDate "2019.07.16"]
[EventType "team-tourn"]
[EventCountry "TUR"]
[SourceTitle "playchess.com"]
[Source "ChessBase"]
[SourceQuality "1"]
[TimeControl "5400+30"]

1. Nf3 Nf6 2. g3 d5 3. Bg2 c5 4. O-O Nc6 5. d4 cxd4 6. Nxd4 e5 7. Nxc6 bxc6 8. c4 Bb7 9. cxd5 Nxd5 10. Qa4 Be7 11. Rd1 O-O 12. Bd2 Nb6 13. Qc2 Qc8 14. Bc3 Qe6 15. Nd2 Nd5 16. Ba5 f5 17. e4 fxe4 18. Nxe4 Qf5 19. Rac1 Rf7 20. Nc5 Bxc5 21. Qxf5 Rxf5 22. Rxc5 Raf8 23. Rd2 g5 24. Bh3 R5f6 25. Re2 e4 26. Be1 Re8 27. Ra5 Re7 28. Rxa7 h5 29. Bd2 e3 30. fxe3 Bc8 31. Ra8 Nb6 32. Rxc8+ Nxc8 33. Bxc8 Ref7 34. e4 Rc7 35. Ba6 g4 36. Bc4+ Kh7 37. e5 Rf8 38. e6 Re8 39. Bc3 Kg6 40. Rf2 c5 41. Bd3+ Kh6 42. Rf6+ 1-0

[Event "Turkish Club Cup 2019"]
[Site "Konya"]
[Date "2019.07.17"]
[Round "3"]
[White "Guven, Oguz Kagan"]
[Black "Caputcuoglu, Zeki Berke"]
[Result "1/2-1/2"]
[ECO "A15"]
[WhiteElo "2142"]
[BlackElo "2010"]
[Annotator "NA"]
[PlyCount "93"]
[EventDate "2019.07.16"]
[EventType "team-tourn"]
[EventCountry "TUR"]
[SourceTitle "playchess.com"]
[Source "ChessBase"]
[SourceQuality "1"]
[TimeControl "5400+30"]

1. Nf3 Nf6 2. c4 g6 3. b3 Bg7 4. Bb2 O-O 5. g3 d6 6. Bg2 e5 7. d3 Re8 8. O-O Nbd7 9. Nbd2 c6 10. Qc2 d5 11. cxd5 cxd5 12. Rac1 b6 13. b4 Qe7 14. Qb3 Qd6 15. d4 e4 16. Ne5 Bb7 17. b5 Qe6 18. Rc7 Rab8 19. Nc6 Bxc6 20. bxc6 Nf8 21. Rxa7 Qxc6 22. Rc1 Qe6 23. Rcc7 N8d7 24. e3 Rec8 25. Qc3 Rxc7 26. Qxc7 Bf8 27. Ba3 Bxa3 28. Rxa3 h5 29. Rc3 Ra8 30. a3 h4 31. gxh4 Qg4 32. Qg3 Qd1+ 33. Nf1 Qe1 34. Rc7 Rxa3 35. Qf4 Ra2 36. h5 Nxh5 37. Qh4 Ndf6 38. Bh3 b5 39. Rc8+ Kg7 40. Rc7 Kg8 41. Rc8+ Kg7 42. Rc7 Ra1 43. Qg5 b4 44. Rb7 Rb1 45. Qg2 Kg8 46. Rb8+ Kg7 47. Rb7 1/2-1/2

[Event "Turkish Club Cup 2019"]
[Site "Konya"]
[Date "2019.07.17"]
[Round "3"]
[White "Gulden, Egemen"]
[Black "Yilmaz, Yigithan Furkan"]
[Result "1-0"]
[ECO "C06"]
[WhiteElo "2135"]
[BlackElo "1359"]
[Annotator "NA"]
[PlyCount "117"]
[EventDate "2019.07.16"]
[EventType "team-tourn"]
[EventCountry "TUR"]
[SourceTitle "playchess.com"]
[Source "ChessBase"]
[SourceQuality "1"]
[TimeControl "5400+30"]

1. e4 e6 2. d4 d5 3. Nd2 Nf6 4. e5 Nfd7 5. Bd3 c5 6. c3 Nc6 7. Ne2 cxd4 8. cxd4 Qb6 9. Nf3 Be7 10. O-O O-O 11. a3 Re8 12. b4 a6 13. Be3 f6 14. exf6 Bxf6 15. Ne5 Qc7 16. f4 Nf8 17. Rc1 Bd7 18. Rf3 Qd6 19. Rh3 Ne7 20. g4 g6 21. Rf3 Bg7 22. h4 Rac8 23. Rc5 b6 24. Rxc8 Rxc8 25. Qb3 b5 26. Bb1 Rc7 27. Nd3 Bc8 28. Nc5 Nc6 29. Bd3 Qe7 30. Rh3 Qf7 31. Rg3 Qe7 32. g5 Qd6 33. Rf3 Ne7 34. Nc1 Nc6 35. Qb2 Rf7 36. Qf2 Ne7 37. Bc2 Nc6 38. N1d3 Re7 39. Ne5 Nxe5 40. dxe5 Qc6 41. Nb3 Qc7 42. Bc5 Rf7 43. Nd4 Qb7 44. Qh2 h5 45. Bxf8 Rxf8 46. Bxg6 Qb6 47. Qf2 Qc7 48. Bxh5 Bxe5 49. fxe5 Rxf3 50. Qxf3 Qc1+ 51. Kg2 Qd2+ 52. Ne2 Qc2 53. Qf7+ Kh8 54. Qf8+ Kh7 55. g6+ Qxg6+ 56. Bxg6+ Kxg6 57. Nf4+ Kh7 58. Qf7+ Kh6 59. Qg6# 1-0

[Event "Turkish Club Cup 2019"]
[Site "Konya"]
[Date "2019.07.17"]
[Round "3"]
[White "Ozdover, Mustafa Berkay"]
[Black "Esen, Nejdet"]
[Result "1/2-1/2"]
[ECO "E81"]
[WhiteElo "2130"]
[BlackElo "1918"]
[Annotator "NA"]
[PlyCount "60"]
[EventDate "2019.07.16"]
[EventType "team-tourn"]
[EventCountry "TUR"]
[SourceTitle "playchess.com"]
[Source "ChessBase"]
[SourceQuality "1"]
[TimeControl "5400+30"]

1. d4 Nf6 2. c4 g6 3. Nc3 Bg7 4. e4 d6 5. f3 O-O 6. Be3 Nbd7 7. Qd2 c5 8. Nge2 a6 9. Nc1 b6 10. Be2 cxd4 11. Bxd4 Nc5 12. O-O Bb7 13. Be3 Rc8 14. Nd3 Nfd7 15. Rac1 Ne5 16. Nxe5 Bxe5 17. Rfd1 Qc7 18. b4 Nd7 19. a4 Qb8 20. Nd5 Rfe8 21. a5 bxa5 22. bxa5 Bxd5 23. cxd5 Qa8 24. Bf1 Nc5 25. Bxc5 Rxc5 26. f4 Qa7 27. Kh1 Bf6 28. Rxc5 Qxc5 29. Qe2 Qxa5 30. e5 dxe5 1/2-1/2